Cogmind - Beta 15 @@@ ROGUE MODE // 2025.05.21 @ 18:37:42 Player: SUBSUB Result: Destroyed by Y-45 Defender with Heavy Assault Rifle Performance ------------- Evolutions (0) 0 Regions Visited (3) 600 Robots Destroyed (33) 165 Value Destroyed (950) 950 Prototype IDs (16) 320 Alien Tech Used (0) 0 Bonus (0) 0 TOTAL SCORE: 2035 Bonus ------- None Cogmind --------- Core Integrity 0/250 Matter 232/300 Energy 196/200 System Corruption 0% Temperature Cool (11) Movement Treading (160) Location -8/Recycling Parts ------- > --- POWER (1) -------- Subdweller Power Source > --- PROPULSION (2) --- Spiked Treads Spiked Treads > --- UTILITY (2) ------ Medium Storage Unit Seismic Detector > --- WEAPON (2) ------- Battle Rifle Battle Cannon > --- INVENTORY (10) --- Large Matter Pod (150) Visual Processing Unit Sensor Array Signal Interpreter Utility Shielding Scrap Shield Subdweller Machine Gun Grenade Launcher Subdweller Shrapnel Launcher Peak State ------------ > --- POWER ------------ Subdweller Power Source > --- PROPULSION ------- Spiked Treads Spiked Treads > --- UTILITY ---------- Medium Storage Unit Seismic Detector > --- WEAPON ----------- Battle Rifle Battle Rifle > --- INVENTORY -------- Large Matter Pod Visual Processing Unit Sensor Array Signal Interpreter Utility Shielding Scrap Shield Subdweller Machine Gun Grenade Launcher Subdweller Shrapnel Launcher [Rating: 13] Favorites ----------- Power Subdweller Power Source Engine Subdweller Power Source Power Core Light Nuclear Core Propulsion Light Treads Treads Light Treads Leg Aluminum Leg Utility Seismic Detector Device Seismic Detector Storage Medium Storage Unit Protection Scrap Shield Weapon Battle Rifle Energy Gun Subdweller Laser Energy Cannon Subdweller Beam Cannon Ballistic Gun Battle Rifle Ballistic Cannon Light Cannon Launcher Grenade Launcher Special Weapon Mining Laser Build | -11 -10 -10 -8 ------- Run | Yrd Mat Sub Rec Slots Evolved . | . . . . Power . | . . . . Propulsion . | . . . . Utility . | . . . . Weapon . | . . . . Parts Attached 37 | 7 10 20 . Power 6 | 1 2 3 . Engine 5 | 1 1 3 . Core 1 | . 1 . . Reactor . | . . . . Propulsion 10 | 2 3 5 . Treads 8 | . 3 5 . Leg 2 | 2 . . . Wheel . | . . . . Hover . | . . . . Flight . | . . . . Utility 4 | 2 1 1 . Device 1 | 1 . . . Storage 2 | 1 1 . . Processor . | . . . . Hackware . | . . . . Protection 1 | . . 1 . Artifact . | . . . . Weapon 17 | 2 4 11 . Energy Gun 1 | . . 1 . Energy Cannon 1 | . . 1 . Ballistic Gun 8 | 2 1 5 . Ballistic Cannon 3 | . 2 1 . Launcher 2 | . . 2 . Special Weapon 2 | . 1 1 . Impact Weapon . | . . . . Slashing Weapon . | . . . . Piercing Weapon . | . . . . Special Melee Weapon . | . . . . Unidentified Prototypes . | . . . . Parts Lost 5 | . . 5 . Power 1 | . . 1 . Propulsion 1 | . . 1 . Utility . | . . . . Weapon 3 | . . 3 . Highest Loss Streak 2 | . . 2 . To Critical Strikes . | . . . . Average Backups 8 | 2 8 8 9 Power . | . . . . Propulsion 1 | 1 2 . . Utility 5 | . 3 5 6 Weapon 2 | . 1 2 3 Tool/Special . | . . . . Unused Backups 12 | . 1 4 7 Power . | . . . . Propulsion . | . . . . Utility 8 | . 1 2 5 Weapon 3 | . . 1 2 Tool/Special 1 | . . 1 . Average Slot Usage (%) 97 | . 100 97 100 Engine 10 | . 6 12 14 Core 1 | . 7 . . Treads 26 | . 23 27 28 Leg 1 | . 4 . . Device 13 | . 14 13 14 Storage 13 | . 14 13 14 Energy Gun 1 | . . 1 . Energy Cannon 2 | . . 3 . Ballistic Gun 18 | . 14 20 14 Ballistic Cannon 5 | . 12 2 14 Peak Build Rating 13 | 7 10 13 13 Average Rating 10 | 5 8 10 13 On Entrance 7 | . 7 8 13 Naked Turns . | . . . . Heaviest Build 29 | 14 21 29 21 Greatest Support 40 | 20 40 40 40 Greatest Overweight (x) 1 | 1 . 1 . Average Overweight (x) . | . . . . Largest Inventory Capacity 10 | 8 10 10 10 Average Capacity 9 | 7 9 9 10 Most Carried 10 | 4 10 10 10 Average Carried 9 | 2 8 9 10 Final Capacity 10 | 8 10 10 10 Final Carried 10 | 4 10 10 10 Class Distribution -------------------- 56% | Mutant 22% | Scavenger-Mutant 20% | Derelict-Mutant Dominant Class ---------------- Mutant | -10/Materials Mutant | -10/Subcaves Derelict-Mutant | -8/Recycling Resources | -11 -10 -10 -8 ----------- Run | Yrd Mat Sub Rec Matter Collected 1551 | 294 379 878 . Remotely . | . . . . Salvage Created 1016 | 107 338 571 . Parts 70 | 12 20 38 . Haulers Intercepted 2 | . 2 . . Recyclers Shooed 1 | 1 . . . Parts Field Recycled . | . . . . Retrieved Matter . | . . . . Parts Self-Destructed 10 | . . 10 . Prevented . | . . . . Kills | -11 -10 -10 -8 ------- Run | Yrd Mat Sub Rec Combat Hostiles Destroyed 23 | . 8 15 . Guns 13 | . 2 11 . Cannons 10 | . 6 4 . Classes Destroyed 9 | 2 4 3 . Tunneler 3 | 3 . . . Hauler 2 | . 2 . . Recycler 2 | 1 1 . . Turret 1 | . . 1 . Watcher 2 | . 2 . . Swarmer 3 | . 3 . . Grunt 5 | . 5 . . Sentry 1 | . . 1 . Subdweller 14 | . . 14 . Best Kill Streak 4 | 4 3 4 . Combat Bots Only 4 | . 3 4 . Max Kills in Single Turn 2 | 1 1 2 . Gunslinging 1 | . . 1 . Exploded . | . . . . Melee . | . . . . Uniques/NPCs Destroyed . | . . . . Combat | -11 -10 -10 -8 -------- Run | Yrd Mat Sub Rec Hostile Shots Fired 134 | . 40 92 2 Missed 41 | . 7 34 . Hits 93 | . 33 58 2 Projectile 93 | . 33 58 2 Critical Strikes 3 | . 2 1 . Damage Taken 1628 | . 347 1253 28 Core 250 | . 18 218 14 Absorbed by Shields . | . . . . Core Remaining (%) 100 | 100 . . . Volleys Fired 148 | 6 40 102 . Largest 2 | 2 2 2 . Hottest 130 | 40 130 130 . Shots Fired 270 | 12 80 178 . Gun 186 | 12 39 135 . Cannon 78 | . 40 38 . Launcher 4 | . . 4 . Special 2 | . 1 1 . Kinetic 244 | 12 79 153 . Thermal 22 | . 1 21 . Explosive 4 | . . 4 . Electromagnetic . | . . . . Robot Hit Streak 35 | 5 9 35 . Robot Miss Streak 3 | 2 2 3 . Penetration Max . | . . . . Secondary Targets 1 | . . 1 . Max Gunslinging Chain 1 | . . 1 . Shots Hit Robots 159 | 9 50 100 . Core Hits 52 | 5 15 32 . Critical Kills 1 | . . 1 . Critical Parts Destroyed 1 | . . 1 . Critical Strikes 6 | . 2 4 . Destroy 4 | . . 4 . Blast 2 | . 2 . . Melee Attacks . | . . . . Impact . | . . . . Slashing . | . . . . Piercing . | . . . . Sneak Attacks . | . . . . Combat Hostiles . | . . . . Follow-up Attacks . | . . . . Damage Inflicted 2315 | 99 816 1400 . Guns 1625 | 99 341 1185 . Cannons 623 | . 435 188 . Explosions . | . . . . Melee . | . . . . Ramming 31 | . 16 15 . Kinetic 2118 | 99 776 1243 . Thermal 166 | . 24 142 . Explosive . | . . . . Electromagnetic . | . . . . Impact . | . . . . Slashing . | . . . . Piercing . | . . . . Highest Corruption . | . . . . Average Corruption . | . . . . Corruption Purged . | . . . . Corruption Blocked . | . . . . Overload Shots . | . . . . Overflow Damage 6 | . 6 . . Projectiles 6 | . 6 . . Explosions . | . . . . Melee . | . . . . Knockbacks 5 | . 5 . . Impact . | . . . . Kinetic 4 | . 4 . . Secondary 1 | . 1 . . Self-Inflicted Damage 38 | . . 38 . Shots 1 | . . 1 . Rammed 4 | . 3 1 . Targets Rammed 7 | . 5 2 . Kicked . | . . . . Crushed 3 | . 2 1 . Highest Temperature 30 | . 30 . . Average Temperature 9 | . 9 . . Received Heat Transfer 438 | . 132 297 9 Siege Activations . | . . . . Martial Activations . | . . . . Shielding Activations . | . . . . Robots Disrupted . | . . . . Combat Hostiles . | . . . . Robots Corrupted . | . . . . Combat Hostiles . | . . . . Parts Fried . | . . . . Impact Corruptions . | . . . . Robots Melted . | . . . . Combat Hostiles . | . . . . Parts Melted 3 | . . 3 . Heat Transferred 292 | . 50 242 . Parts Sabotaged . | . . . . Parts Stolen . | . . . . Parts Stripped . | . . . . Power Chain Reactions . | . . . . Alert | -11 -10 -10 -8 ------- Run | Yrd Mat Sub Rec Maximum Alert Level . | . . . . Low Security (%) 100 | 100 100 . 100 Level 1 . | . . . . Level 2 . | . . . . Level 3 . | . . . . Level 4 . | . . . . Level 5 . | . . . . High Security . | . . . . Max Security . | . . . . Peak Influence 60 | 15 60 . 5 Initial . | . . . . Average 11 | 2 13 . . Influence Increases 453 | 20 268 160 5 Destroy 0b10 Robot/C 200 | . 160 40 . Destroy 0b10 Robot/NC 45 | 20 25 . . Destroy Leader 38 | . 38 . . Successful Hack 18 | . 13 . 5 Disable Machine 30 | . 30 . . Destroy Structure 2 | . 2 . . Lose Combat Pursuer 120 | . . 120 . Influence Decreases 453 | 20 267 161 5 Entered New Map 1 | . . 1 . Time Decay 422 | 20 267 130 5 Lost Part 30 | . . 30 . Squads Dispatched . | . . . . Investigation . | . . . . Extermination . | . . . . Reinforcement . | . . . . Assault . | . . . . Garrison . | . . . . Intercept . | . . . . Searches Triggered . | . . . . Construction Impeded . | . . . . Haulers Reinforced . | . . . . Active Scanning Responses . | . . . . Cargo Convoy Interrupts . | . . . . Stealth | -11 -10 -10 -8 --------- Run | Yrd Mat Sub Rec Distress Signals 3 | . 3 . . Communications Jammed . | . . . . Distress Signals . | . . . . Times Spotted 49 | . 19 29 1 Peak Tracking Total 4 | . 4 2 . Tactical Retreats 9 | . . 9 . Traps | -11 -10 -10 -8 ------- Run | Yrd Mat Sub Rec Traps Triggered 4 | . 1 3 . Indirectly . | . . . . Trap Hack Attempts . | . . . . Triggered . | . . . . Disarmed 6 | . 6 . . Reprogrammed . | . . . . Reused . | . . . . Traps Extracted . | . . . . Installed . | . . . . Triggered . | . . . . Machines | -11 -10 -10 -8 ---------- Run | Yrd Mat Sub Rec Machines Disabled 2 | . 2 . . Max in Single Turn 1 | . 1 . . Machines Repaired . | . . . . Machines Dismantled . | . . . . Machines Sabotaged . | . . . . Overloaded Fab Kills . | . . . . Hacking | -11 -10 -10 -8 --------- Run | Yrd Mat Sub Rec Machines Accessed 10 | . 4 4 2 Terminals 5 | . 4 . 1 Fabricators . | . . . . Repair Stations . | . . . . Recycling Units 1 | . . . 1 Scanalyzers . | . . . . Garrison Access . | . . . . Total Hacks 24 | . 13 8 3 Successful 18 | . 8 8 2 Failed 6 | . 5 . 1 Catastrophic 1 | . 1 . . Database Lockouts . | . . . . Manual 8 | . 6 . 2 Terminals 15 | . 13 . 2 Fabricators . | . . . . Repair Stations . | . . . . Recycling Units 1 | . . . 1 Scanalyzers . | . . . . Garrison Access . | . . . . Terminal Hacks 14 | . 6 8 . Record 5 | . . 5 . Robot Analysis 1 | . 1 . . Prototype ID Bank 3 | . 3 . . Open Door 1 | . . 1 . Disarm Traps 1 | . 1 . . Reinforcement Status 1 | . 1 . . Proto ID Catalog 1 | . . 1 . Release Object 1 | . . 1 . Fabricator Hacks . | . . . . Repair Station Hacks . | . . . . Recycling Unit Hacks 1 | . . . 1 Report Inventory 1 | . . . 1 Scanalyzer . | . . . . Garrison Access Hacks . | . . . . Unauthorized Hacks 3 | . 2 . 1 Terminals 3 | . 2 . 1 Botnet 3 | . 2 . 1 Fabricators . | . . . . Repair Stations . | . . . . Recycling Units . | . . . . Scanalyzers . | . . . . Garrison Access . | . . . . Data Cores Recovered . | . . . . Used . | . . . . Hacking Detections 4 | . 3 . 1 Full Trace Events 1 | . 1 . . Feedback Events . | . . . . Feedback Blocked . | . . . . Robot Schematics Acquired . | . . . . Robots Built . | . . . . Authchips . | . . . . Time . | . . . . Total Robot Build Rating . | . . . . Part Schematics Acquired . | . . . . Parts Built . | . . . . Authchips . | . . . . Time . | . . . . Total Part Build Rating . | . . . . Parts Repaired . | . . . . Time . | . . . . Parts Recycled . | . . . . Recycled Matter . | . . . . Retrieved Matter . | . . . . Retrieved Components . | . . . . Parts Scanalyzed . | . . . . Part Schematics Acquired . | . . . . Parts Damaged . | . . . . Bothacking | -11 -10 -10 -8 ------------ Run | Yrd Mat Sub Rec Used RIF Installer . | . . . . Robots Hacked . | . . . . Non-combat . | . . . . Combat . | . . . . Robot Hacks Applied . | . . . . Relay Couplers Released . | . . . . Fabnet Peak Effective % . | . . . . Robots Rewired . | . . . . Allies Hacked . | . . . . Hacks Repelled . | . . . . Allies | -11 -10 -10 -8 -------- Run | Yrd Mat Sub Rec Total Allies . | . . . . Largest Group . | . . . . Highest-Rated Group . | . . . . Highest-Rated Ally . | . . . . Total Orders . | . . . . Ally Attacks . | . . . . Total Damage . | . . . . Kills . | . . . . Allies Corrupted . | . . . . Allies Melted . | . . . . Intel | -11 -10 -10 -8 ------- Run | Yrd Mat Sub Rec Active Infowar (turns) 5459 | 32 1340 3925 162 Seismic 5459 | 32 1340 3925 162 Robot Analysis Total 1 | . 1 . . Derelict Logs Recovered 2 | . . 2 . Drone Launches . | . . . . Drone Recoveries . | . . . . Exploration | -11 -10 -10 -8 ------------- Run | Yrd Mat Sub Rec Turns Passed 5669 | 117 1340 4050 162 Spaces Moved 3176 | 73 734 2271 98 Core 6 | 6 . . . Treads 2968 | . 599 2271 98 Legs 202 | 67 135 . . Wheels . | . . . . Hover . | . . . . Flight . | . . . . Fastest Speed 50 | 50 120 160 160 Average Speed 158 | 118 152 161 160 Slowest Speed 240 | 190 160 240 160 Overloaded Moves . | . . . . Propulsion Burnouts . | . . . . Robots Hopped . | . . . . Potential Cave-ins . | . . . . Cave-ins Triggered . | . . . . Exploration Rate (%) 48 | 4 88 86 16 Regions Visited 3 Branch Regions 2 Pre-discovered Areas . | . . . . Known Exits Taken . | . . . . Unknown Exits Taken 3 | 1 1 1 . Scrap Searched 21 | . . 21 . Spaces Dug 10 | . . 10 . Terrain Destroyed 32 | . . 32 . Melee . | . . . . Projectile 2 | . . 2 . AOE 30 | . . 30 . Terrain Rammed . | . . . . Walls Destroyed . | . . . . Machines Disabled . | . . . . Actions | -11 -10 -10 -8 --------- Run | Yrd Mat Sub Rec Total 3533 | 89 870 2470 104 Wait 87 | . 57 24 6 Move 3173 | 72 733 2270 98 Hop . | . . . . Pick Up 35 | 4 12 19 . Fast Attach 15 | 7 1 7 . Attach 6 | . . 6 . Detach 2 | . . 2 . Swap 27 | . 11 16 . Drop 30 | . 11 19 . Fire 148 | 6 40 102 . Melee . | . . . . Ram . | . . . . Kick . | . . . . Crush 7 | . 5 2 . Escape Stasis . | . . . . Rewire . | . . . . Trap . | . . . . Miscellaneous 3 | . . 3 . Route ------- -11/Scrapyard -10/Materials (discovered 4 exits: [*Mat x2] / [*Min] / *Sub) -10/Subcaves (discovered 3 exits: *Mat x2 / *Rec) -8/Recycling History --------- Turn | Location | Event 20 | -11/Scrapyard | Discovered new exit (range 15) 118 | -11/Scrapyard | Entered Materials 191 | -10/Materials | Discovered new exit (range 9) 317 | -10/Materials | Build established: Mutant 371 | -10/Materials | Discovered new exit (range 7) 839 | -10/Materials | Discovered new exit (range 12) 1176 | -10/Materials | Discovered new exit (range 12) 1458 | -10/Materials | Entered Subcaves 1692 | -10/Subcaves | Ambushed by Subdweller buried in earth 1974 | -10/Subcaves | Released subatomizers from SUBCON Basin 2137 | -10/Subcaves | Learned 4 Materials zone layouts 3073 | -10/Subcaves | Build established: Scavenger-Mutant 3139 | -10/Subcaves | Identified exit to Materials 3183 | -10/Subcaves | Discovered new exit (range 6) 3216 | -10/Subcaves | Core integrity fell below 50% 3487 | -10/Subcaves | A swath of the cavern ceiling suddenly collapsed 4144 | -10/Subcaves | Shifting Twisted Machinery released Battle Rifle 4145 | -10/Subcaves | Shifting Twisted Machinery released Battle Rifle 4328 | -10/Subcaves | Visited Clippyterm 4332 | -10/Subcaves | Learned Factory emergency access door positions 4441 | -10/Subcaves | Build established: Mutant 4656 | -10/Subcaves | Discovered exit to Materials (range 11) 4702 | -10/Subcaves | Shifting Twisted Machinery released Sub. Laser 4789 | -10/Subcaves | Build established: Derelict-Mutant 4878 | -10/Subcaves | Visited 4L-MR0's lab 5018 | -10/Subcaves | Core integrity fell below 20% 5508 | -10/Subcaves | Entered Recycling 5670 | -8/Recycling | Destroyed by Y-45 Defender with Heavy Assault Rifle Last Messages --------------- 05081_ Searching scrap... 05081_ Found Scrap Shield. 05081_ Found Spk. Treads. 05081_ Found 37 Matter. 05089_ Dropped Spk. Treads. 05118_ Acquired Battle Cannon. LOCATION=UNKNOWN GOAL=ESCAPE 05532_ Connecting with Terminal... 05532_ Current location identified: Recycling >>Trojan(Botnet) Trojan loaded successfully. Testing... Terminal linked with 0 systems. Awaiting botnet instructions. 05594_ Connecting with Recycling Unit... >>Recycling(Report) Matter reserves: 0 Inventory: Empty 05670_ Y-45 Defender springs to life. Map ----- +----------------------------------------------------+ | ?????????????????????????????????????????????????? | | ?????????????????????????????????????????????????? | | ?????????????????????????????????????????????????? | | ?????????????????????????????????????????????????? | | ?????????????????????????????????????????????????? | | ?????????????????????????????????????????????????? | | ?????????????????????????????????????????????????? | | ?????????????????????????????????????????????????? | | ?????????????????????????????????????????????????? | | ?????????????????????????????????????????????????? | | ?????????????????????????????????????????????????? | | ?????????????????????????????????????????????????? | | ?????????????????????????????????????????????????? | | ?????????????????????????????????????????????????? | | ##########???????????????????????????????????????? | | ###?????????????????????????????????????? | | ###### ""#?????????????????????????????????????? | | # # Y"#?????????????????????????????????????? | | # + ""#?????????????????????????????????????? | | # ### ###?????????????????????????????????????? | | # #?# #???????????????????????????????????????? | | # #?# #???????????????????????????????????????? | | # ### #?????????????????????#######+#?????????? | | # #[[ ######?????????????? ????????? | | # # [ ############# ????????? | | # #[[ r r @ ????????? | | # ### ####### ##### #???????????????? | | # #?# #?????# #?????? #???????????????? | | + #?# ##+#######+###?????? Y#??????????????? | | # #?# # #????????##??????????????? | | ######?# # """ """ #????????????????????????? | | #??????# # """ """ #????????????????????????? | | ##?????# # """ """ #????????#???????????????? | | #####?# # """ """ ### #???????????????? | | # + #???????????????? | | / """ """ ###### #???????????????? | | # """ """ #????????????????????????? | | ########### """ """ #????????????????????????? | | ##?????????# """ """ #????????????????????????? | | #??????????# #????????????????????????? | | #??????????# #????????????????????????? | | #??????????##############????????????????????????? | | #????????????????????????????????????????????????? | | +????????????????????????????????????????????????? | | #????????????????????????????????????????????????? | | #????????????????????????????????????????????????? | | #????????????????????????????????????????????????? | | #????????????????????????????????????????????????? | | #????????????????????????????????????????????????? | | ?????????????????????????????????????????????????? | +----------------------------------------------------+ Best States ------------- Heat Dissipation 25 Energy Generation 15 Energy Capacity 250 Matter Stores 300 Matter Capacity 300 Sight Range 16 Terrain Scan Density 10 Armor Coverage 800 Evasion (%) 55 Recoil Reduction 2 Item Schematics ----------------- None Robot Schematics ------------------ None Fabricated ------------ Nothing Repaired ---------- Nothing Alien Tech Used ----------------- None Achievements -------------- None Challenges ------------ None Game ------ Seed AbsorptionDecoyGenerator Manual? 0 Play Time 00:32:45 Cumulative 33.2 hours Start 2025.05.21 @ 18:04:08 End 2025.05.21 @ 18:37:42 Sessions 1 Manual Loads 0 Difficulty Rogue Special Mode None Game No. 45 Rogue 45 Adventurer 0 Explorer 0 Win Type - Total 0 Types 0/0/0/0/0/0/0/0/0/0 Lore% 34 Gallery% 25 Achievement% 27 Wizard Run 0 Options --------- Layout 0 ASCII 0 Keyboard 1 Movement Vi Keybinds 0 Fullscreen 1 Font 18/SmallcapsGlow Map View 76x50 Zoom Use 0% Tactical HUD 1 Map Filters NONE Filters NONE Steam 1 RUN: 41700ba3-07fb-4fd5-9123-261921f10787